 Dungeon Crawl Stone Soup version 0.29.1-1-gd02db6906a (webtiles) character file.

Game seed: 16671414511348218216

184 MisterFreud the Twirler (level 5, -1/39 HPs)
             Began as a Formicid Gladiator on Oct 20, 2022.
             Slain by an iguana (11 damage)
             ... on level 4 of the Dungeon.
             The game lasted 00:03:27 (3261 turns).

MisterFreud the Twirler (Formicid Gladiator)        Turns: 3261, Time: 00:03:28

Health: -1/39      AC:  5    Str: 21    XL:     5   Next: 95%
Magic:  5/5        EV:  8    Int:  7    God:
Gold:   67         SH:  0    Dex: 15    Spells: 4/4 levels left

rFire   . . .      SeeInvis +   a - +0 quarterstaff
rCold   . . .      Faith    .   (no shield)
rNeg    . . .      Spirit   .   p - +0 chain mail
rPois   .          Reflect  .   (helmet unavailable)
rElec   .          Harm     .   m - +0 cloak
rCorr   .          Rampage  .   (no gloves)
Will    .....                   (no boots)
Stlth   ..........              l - amulet of regeneration
HPRegen 0.93/turn               (no ring)
MPRegen 0.09/turn               (no ring)

@: corroded
A: permanent stasis, dig shafts and tunnels, antennae 3, four strong arms
a: Dig, Shaft Self


You were on level 4 of the Dungeon.
You visited 1 branch of the dungeon, and saw 4 of its levels.

You collected 67 gold pieces.

Inventory:

Hand Weapons
 a - a +0 quarterstaff (weapon)
Missiles
 c - 3 throwing nets (quivered)
 d - a javelin
 e - 3 boomerangs
Armour
 b - a +1 leather armour
 m - a +0 cloak (worn)
 p - a +0 chain mail (worn)
Jewellery
 l - an amulet of regeneration (around neck)
 o - a ring of flight
Scrolls
 f - a scroll of enchant armour
Potions
 g - 3 potions of curing
 h - a potion of haste {unknown}
 i - a potion of attraction {unknown}
 j - 2 potions of brilliance {unknown}
 k - 3 potions of flight {unknown}
 n - a potion of cancellation {unknown}


   Skills:
 + Level 2.4 Fighting
 - Level 6.0 Staves
 - Level 2.0 Throwing
 + Level 0.7 Armour
 - Level 2.6 Dodging


You had 4 spell levels left.
You didn't know any spells.
Your spell library was empty.

Dungeon Overview and Level Annotations

Branches:
Dungeon (4/15)
 Temple: D:4-7

Altars:
Ashenzari
Fedhas
Okawaru
Wu Jian


Innate Abilities, Weirdness & Mutations

You cannot be hasted, slowed, berserked, paralysed or teleported.
You can dig through walls and to a lower floor.
You have a pair of large antennae on your head. (SInv)
Your four strong arms can wield two-handed weapons with a shield.


Message History

The giant cockroach bites you but does no damage.
The giant cockroach attacks as you move away!
The giant cockroach bites you but does no damage.
The giant cockroach bites you but does no damage.
The giant cockroach attacks as you move away!
The giant cockroach bites you but does no damage.
You barely miss the jelly.
The giant cockroach bites you but does no damage.
The jelly barely misses you.
The giant cockroach bites you but does no damage.
You thump the giant cockroach!
You kill the giant cockroach!
The jelly hits you. The acid corrodes you!
You are splashed with acid.
You hit the jelly.
Your hands burn!
The jelly is moderately wounded.
The jelly hits you but does no damage. The iguana barely misses you.
You hit the jelly.
Your hands burn!
The jelly is moderately wounded.
The jelly hits you but does no damage. The iguana bites you.
You sock the jelly!
Your hands burn!
The jelly is almost dead.
The jelly barely misses you. The iguana closely misses you.
You hit the jelly.
You kill the jelly!
The iguana bites you!
Training target 6.0 for Staves reached!
Your Staves skill increases to level 6!
You need to enable at least one skill for training.
You are too injured to fight recklessly!
You barely miss the iguana. The iguana barely misses you.
You are too injured to fight recklessly!
You hit the iguana but do no damage. The iguana bites you.
You hit the iguana but do no damage. The iguana bites you!
* * * LOW HITPOINT WARNING * * *
You are too injured to fight recklessly!
You extend your mandibles.
Unknown command.
Are you sure you want to shaft yourself?
The iguana bites you!
You die...

#........ #####.......
........).# .........#
.......)####
........K..###
##.....#.....########
#.#(..###.#.#......#
.....#.@lK....<.....#
..!J.########.........
.... .........## ....
######..### #... ####
####### .......
##.......


You could see an iguana and a kobold.

Vanquished Creatures
  A jelly (D:4)
  3 gnolls
  4 adders
  A worm (D:2)
  2 dart slugs
  4 orcs
  8 ball pythons
  12 bats
  7 endoplasms
  5 giant cockroaches
  6 hobgoblins
  5 jackals
  2 quokkas (D:3)
  2 frilled lizards
  3 goblins
  8 kobolds
  4 rats
77 creatures vanquished.

Notes
Turn   | Place    | Note
-------+----------+-------------------------------------------
     0 | D:1      | MisterFreud the Formicid Gladiator began the quest for the
                  | Orb.
     0 | D:1      | Reached XP level 1. HP: 16/16 MP: 1/1
   241 | D:1      | Reached XP level 2. HP: 19/22 MP: 2/2
   424 | D:1      | Found a faded altar of an unknown god.
   544 | D:1      | You fall into a shaft and drop 1 floor!
   715 | D:2      | Reached skill level 4 in Staves
   715 | D:2      | Reached XP level 3. HP: 27/27 MP: 3/3
  1697 | D:2      | Found a blossoming altar of Fedhas.
  1712 | D:2      | Reached XP level 4. HP: 21/33 MP: 4/4
  1716 | D:2      | You fall into a shaft and drop 2 floors!
  2375 | D:3      | Found a broken altar of Ashenzari.
  2379 | D:3      | Found an iron altar of Okawaru.
  2380 | D:3      | Found an ornate altar of the Wu Jian Council.
  2582 | D:3      | Reached skill level 5 in Staves
  2740 | D:2      | Reached XP level 5. HP: 25/38 MP: 5/5
  3257 | D:4      | Reached skill level 6 in Staves
  3261 | D:4      | Slain by an iguana

Illustrated notes

Levels and vault maps discovered:
D:1:      minmay_arrival_split_and_join, layout_rooms, basic_ecumenical_altar
D:2:      layout_rooms, basic_altar, corexii_hall_statues_s
D:3:      layout_loops_corners, minitemple
D:4:      layout_rooms, mainiacjoe_overflow_surrounded_room, minmay_manual_mares

Skill      XL: |  1  2  3  4  5 |
---------------+----------------+-----
Staves         | 4 5 6 |  6.0
Fighting       | |  2.4
Throwing       | |  2.0
Armour         | |  0.7
Dodging        | |  2.6

Action                   |  1- 3 |  4- 6 || total
-------------------------+-------+-------++-------
Melee: Quarterstaff      |   102 |   112 ||   214
       Punch             |     1 |       ||     1
 Abil: Shaft Self        |       |     2 ||     2
       Dig               |       |     1 ||     1
  Use: Scroll            |     6 |     2 ||     8
 Stab: Sleeping          |       |     1 ||     1
Armor: Leather armour    |    49 |    26 ||    75
       Chain mail        |       |    20 ||    20
Dodge: Dodged            |    91 |   114 ||   205
